[Event "Championnat du monde jeunes U12F"]
[Date "2024.11.23"]
[White "Zavivaeva, Kristina"]
[Black "Hanya Shah"]
[WhiteElo "1775"]
[BlackElo "1888"]
[Round "8.6"]
[Result "0-1"]
[TimeControl "5400+30"]

1. Nf3 d5 2. g3 c6 3. Bg2 Bg4 4. b3 Nf6 5. c4 e6 6. Bb2 Nbd7 7. O-O Bd6 8. d3 O-O 9. Nc3 Re8 10. h3 Bh5 11. Rc1 Rc8 12. e3 a6 13. Qe2 b5 14. Rfd1 Qe7 15. e4 d4 16. Nb1 Bxf3 17. Qxf3 e5 18. g4 h6 19. Qg3 Nh7 20. Nd2 Ndf8 21. Rc2 Ng6 22. Rdc1 b4 23. c5 Bc7 24. Nf3 Ng5 25. Bf1 Qf6 26. Nd2 Rb8 27. Nc4 Rec8 28. Bg2 Rb5 29. Nd2 Nf4 30. Kf1 Bd8 31. a3 bxa3 32. Bxa3 a5 33. Rb1 Rcb8 34. Rcb2 Nge6 35. b4 axb4 36. Rxb4 Rxb4 37. Rxb4 Rxb4 38. Bxb4 Qe7 39. Nc4 Qa7 40. Ba3 Qa4 41. Bf3 Qb3 42. Kg1 Qxd3 43. Nxe5 Qxa3 44. Nxc6 Bh4 45. Qxh4 Qxf3 46. Ne7+ Kh7 47. Qg3 Ne2+ 0-1

[Variant "Standard"]
[Site "Europe Echecs"]

[Event "Championnat du monde jeunes U12F"]
[Date "2024.11.23"]
[White "Buyankhishig, Batpelden"]
[Black "Abak, Tuana"]
[WhiteElo "1867"]
[BlackElo "1806"]
[Round "8.7"]
[Result "1-0"]
[TimeControl "5400+30"]

1. d4 d5 2. c4 c6 3. Nc3 Nf6 4. e3 e6 5. Nf3 Bd6 6. Bd3 O-O 7. O-O Nbd7 8. e4 dxe4 9. Nxe4 Nxe4 10. Bxe4 f5 11. Bc2 Nf6 12. Bg5 h6 13. Bd2 Ne4 14. Bxe4 fxe4 15. Ne5 c5 16. Bc3 Qc7 17. h3 Rd8 18. dxc5 Qxc5 19. Bd4 Qc7 20. Qh5 b6 21. Rad1 Rf8 22. Ng4 Kh7 23. Bxg7 Qxg7 24. Rxd6 Rf5 25. Qh4 Rb8 26. Rfd1 Rb7 27. Rd8 Rc7 28. Nxh6 Rf8 29. Nf5+ Qh6 30. Qxh6+ Kg8 31. Rxf8# 1-0

[Variant "Standard"]
[Site "Europe Echecs"]

[Event "Championnat du monde jeunes U12F"]
[Date "2024.11.23"]
[White "Illes-Nagy, Nora"]
[Black "Aadya Ranganath"]
[WhiteElo "1803"]
[BlackElo "1753"]
[Round "8.8"]
[Result "1-0"]
[TimeControl "5400+30"]

1. d4 Nf6 2. c4 g6 3. Nc3 Bg7 4. e4 d6 5. Be2 O-O 6. Nf3 e5 7. Be3 Nc6 8. d5 Ne7 9. Nd2 a6 10. b4 Nd7 11. c5 f5 12. f3 Nf6 13. Nc4 Ne8 14. Rc1 Bd7 15. Qd2 f4 16. Bf2 Nc8 17. Qc2 Qf6 18. Na5 Rb8 19. a3 Ne7 20. Na4 Bxa4 21. Qxa4 g5 22. Qb3 Kh8 23. c6 bxc6 24. Nxc6 Nxc6 25. Rxc6 a5 26. b5 Qg6 27. h3 Qf7 28. Qc3 Ra8 29. Ra6 Nf6 30. Qxa5 Rac8 31. Rc6 Nh5 32. Bd1 Ng3 33. Rg1 h5 34. Qc3 g4 35. hxg4 hxg4 36. b6 Nxe4 37. fxe4 g3 38. Rh1+ Kg8 39. Bg1 f3 40. Bxf3 Rb8 41. Rxc7 Qf4 42. Be3 Qf6 43. b7 Qg6 44. Ba7 Qe8 45. Bxb8 Qxb8 46. Bg4 Re8 47. Rc8 Rxc8 48. bxc8=Q+ Bf8 49. Qxb8 Kf7 50. Be6+ Kf6 51. Qxf8+ Kg6 52. Qxg3# 1-0

[Variant "Standard"]
[Site "Europe Echecs"]

[Event "Championnat du monde jeunes U12F"]
[Date "2024.11.23"]
[White "Pratitee Bordoloi"]
[Black "Harutyunyan, Gabriela"]
[WhiteElo "1929"]
[BlackElo "1730"]
[Round "8.9"]
[Result "1-0"]
[TimeControl "5400+30"]

1. e4 c5 2. Nf3 e6 3. d4 cxd4 4. Nxd4 Nf6 5. Nc3 Nc6 6. Be3 Bb4 7. f3 d5 8. Nxc6 bxc6 9. e5 Nd7 10. f4 Bc5 11. Bxc5 Nxc5 12. b4 Nd7 13. Qd2 a5 14. b5 c5 15. Be2 Bb7 16. Bf3 a4 17. O-O Nb6 18. Qf2 Qc7 19. Rae1 O-O-O 20. a3 h6 21. g3 Kb8 22. Bg2 Rhe8 23. Re2 f5 24. exf6 gxf6 25. Rfe1 e5 26. fxe5 fxe5 27. Qf6 Rd6 28. Qh4 e4 29. Rf1 Qg7 30. Qf4 Rd8 31. Nd1 Ka8 32. Ne3 Qc3 33. Ng4 Qc4 34. Rfe1 Qxb5 35. Nxh6 R6d7 36. Bh3 Rh7 37. Bf5 Rf8 38. g4 Qc6 39. g5 Bc8 40. Qg4 Bxf5 41. Nxf5 Qg6 42. Rf2 Nd7 43. Nh4 Qd6 44. Rxf8+ Qxf8 45. g6 Rg7 46. Qe6 Qg8 47. Qa6+ Kb8 48. Rb1+ Kc7 49. Rb7+ Kd8 50. Qa5+ Ke8 51. Qa8+ Ke7 52. Nf5+ Kf6 53. Qxg8 Rxg8 54. Rxd7 Kxf5 55. Rxd5+ Kf4 56. Rd6 Ke5 57. Ra6 Kf4 58. Kf2 Rd8 59. g7 e3+ 60. Ke1 Rg8 61. Rf6+ Ke5 62. Rf7 Ke6 63. Rb7 Kf5 64. Ke2 Kf4 65. Rf7+ Ke4 66. h4 Ke5 67. h5 Ke6 68. Ra7 Kf6 69. h6 Kg6 70. Ra6+ Kh7 71. Kxe3 c4 72. Rf6 Re8+ 73. Kd4 Rd8+ 74. Kc3 1-0

[Variant "Standard"]
[Site "Europe Echecs"]

[Event "Championnat du monde jeunes U12F"]
[Date "2024.11.23"]
[White "Pavithra R V"]
[Black "Sinkar, Anagha Aniket"]
[WhiteElo "1854"]
[BlackElo "1723"]
[Round "8.10"]
[Result "1-0"]
[TimeControl "5400+30"]

1. e4 c5 2. Nf3 Nc6 3. d3 Nf6 4. g3 g6 5. Bg2 Bg7 6. c3 O-O 7. O-O d5 8. Nbd2 dxe4 9. dxe4 h6 10. h4 Bg4 11. Qc2 Qd7 12. Nb3 c4 13. Nbd2 Be6 14. Rd1 Rfd8 15. Bf1 Bg4 16. Be2 Bxf3 17. Bxf3 Qd3 18. Qxd3 cxd3 19. Nb3 Rac8 20. Bf4 b6 21. g4 g5 22. hxg5 hxg5 23. Bg3 Nh7 24. Nc1 Ne5 25. Bxe5 Bxe5 26. Nxd3 Bg7 27. Nb4 e6 28. Kf1 a5 29. Nc2 Nf8 30. Ke2 Ng6 31. Ke3 Ne5 32. Be2 Bf8 33. Rxd8 Rxd8 34. b4 axb4 35. cxb4 Rc8 36. Kd2 Rd8+ 37. Kc3 Bg7 38. Kb3 Rd2 39. Re1 Kf8 40. Ne3 Nc6 41. Nc2 Ke7 42. f3 Ne5 43. a4 Nxf3 44. Bxf3 Rd3+ 45. Kc4 Rxf3 46. Kb5 Rc3 47. Re2 Be5 48. Kxb6 Kd7 49. a5 Rc6+ 50. Kb5 Kc7 51. Ne3 Kb7 52. Nc4 Bf4 53. Re1 Bg3 54. Rd1 Bc7 55. Rd7 f6 56. Rg7 e5 57. Re7 1-0

[Variant "Standard"]
[Site "Europe Echecs"]

[Event "Championnat du monde jeunes U12F"]
[Date "2024.11.23"]
[White "Siddhi Rao"]
[Black "Ivaschenko, Anna"]
[WhiteElo "1677"]
[BlackElo "1732"]
[Round "8.11"]
[Result "1-0"]
[TimeControl "5400+30"]

1. e4 e6 2. d4 d5 3. Nc3 Nf6 4. e5 Nfd7 5. f4 c5 6. Nf3 Nc6 7. Be3 a6 8. a3 b5 9. Bd3 b4 10. axb4 cxb4 11. Ne2 Nb6 12. b3 Be7 13. O-O O-O 14. Ng3 g6 15. Ng5 h6 16. Nf3 Kg7 17. Qd2 Rh8 18. Qf2 a5 19. h4 h5 20. Ne2 Ba6 21. Bxa6 Rxa6 22. Qg3 Qa8 23. Ng5 Bxg5 24. fxg5 Ne7 25. Qf4 Nf5 26. Ng3 Qc8 27. Nxf5+ exf5 28. Bd2 Ra8 29. Ra2 Qc6 30. Rfa1 Rhc8 31. Rxa5 Rxa5 32. Rxa5 Qxc2 33. e6 Qc7 34. Qxc7 Rxc7 35. Rb5 Nc8 36. Bf4 Rc3 37. Rb7 Rxb3 38. Rc7 Rc3 39. e7 Nxe7 40. Rxe7 Kf8 41. Bd6 Kg7 42. Bxb4 Rc4 43. Bc5 1-0

[Variant "Standard"]
[Site "Europe Echecs"]

[Event "Championnat du monde jeunes U12F"]
[Date "2024.11.23"]
[White "Gailevska, Milana"]
[Black "Bassari, Senem Gul"]
[WhiteElo "1698"]
[BlackElo "1778"]
[Round "8.12"]
[Result "0-1"]
[TimeControl "5400+30"]

1. d4 Nf6 2. c4 g6 3. Nc3 Bg7 4. e4 d6 5. Nf3 O-O 6. Be2 Nbd7 7. O-O e5 8. Qc2 Qe7 9. Bg5 Qe8 10. Rad1 h6 11. Bc1 Qe7 12. Rfe1 c5 13. dxe5 dxe5 14. Nd5 Nxd5 15. cxd5 Qd6 16. Nd2 Nb6 17. a4 a5 18. Nc4 Nxc4 19. Bxc4 f5 20. f3 f4 21. Qe2 Bf6 22. g3 Bg5 23. h4 Bf6 24. gxf4 Kh7 25. fxe5 Bxe5 26. Qg2 Qf6 27. f4 Bd4+ 28. Kh1 Bd7 29. e5 Qxh4+ 30. Qh2 Qg4 31. Rf1 Bf5 32. Bd3 Rad8 33. Bxf5 Rxf5 34. Qg2 Rh5+ 35. Qh2 Rxh2+ 36. Kxh2 Rxd5 37. Rfe1 Bf2 38. Rg1 Qh4+ 0-1

[Variant "Standard"]
[Site "Europe Echecs"]

[Event "Championnat du monde jeunes U12F"]
[Date "2024.11.23"]
[White "Xia, Miaoyan"]
[Black "Ejsymont, Blanka"]
[WhiteElo "1711"]
[BlackElo "1945"]
[Round "8.13"]
[Result "1-0"]
[TimeControl "5400+30"]

1. e4 c6 2. d4 d5 3. e5 Bf5 4. c4 e6 5. Nc3 Bb4 6. cxd5 cxd5 7. Bd3 Ne7 8. a3 Ba5 9. Nf3 Nbc6 10. O-O O-O 11. Be3 Bxd3 12. Qxd3 Nf5 13. Rac1 Bb6 14. Na4 Na5 15. Nd2 Qh4 16. Nxb6 axb6 17. Rc7 Rab8 18. Rfc1 Nc6 19. Rd7 f6 20. exf6 gxf6 21. b4 b5 22. Nf3 Qg4 23. h3 Qg6 24. Bf4 Qe8 25. Rc7 Kh8 26. g4 Nfe7 27. Bd6 Qd8 28. Bxe7 Qxc7 29. Bxf8 Rxf8 30. Rc5 Qf4 31. Qe3 Qxe3 32. fxe3 Ra8 33. Rxb5 Rxa3 34. Kf2 Rb3 35. Rxb7 Rxb4 36. Rc7 Na5 37. g5 f5 38. Ne5 Rb7 39. Rc5 Nb3 40. Rc6 Re7 41. Ke2 Na5 42. Rb6 Kg7 43. Kf3 Nb7 44. h4 Nd8 45. h5 Nb7 46. h6+ Kg8 47. Rc6 Kf8 48. Rc8+ Re8 49. Rxe8+ Kxe8 50. g6 hxg6 51. h7 Ke7 52. h8=Q f4 53. Qg7+ Ke8 54. Qf7+ Kd8 55. Qd7# 1-0

[Variant "Standard"]
[Site "Europe Echecs"]

[Event "Championnat du monde jeunes U12F"]
[Date "2024.11.23"]
[White "Siskou, Evangelia"]
[Black "Tursunalieva, Nurelina"]
[WhiteElo "1884"]
[BlackElo "1701"]
[Round "8.14"]
[Result "1-0"]
[TimeControl "5400+30"]

1. e4 c5 2. Nf3 d6 3. d4 cxd4 4. Nxd4 Nf6 5. Nc3 a6 6. f3 e6 7. Be3 b5 8. a3 Bb7 9. Qd2 Nbd7 10. O-O-O Nb6 11. g4 h6 12. h4 Nfd7 13. Qf2 d5 14. exd5 Nxd5 15. Nxd5 Bxd5 16. Bd3 Qa5 17. Nb3 Qa4 18. Be4 Nf6 19. Bxd5 Nxd5 20. Rhe1 Rc8 21. Nc5 Qc4 22. b3 Qc3 23. Rxd5 Be7 24. Bd4 Qa5 25. Rde5 Qxa3+ 26. Bb2 Qb4 27. Nxe6 fxe6 28. Rxe6 Rc7 29. R1e4 Qa5 30. Qe2 O-O 31. Rxe7 Rfc8 32. Re8+ Kh7 33. Rxc8 Rxc8 34. Re7 Rg8 35. Qe4+ Kh8 36. Qg6 1-0

[Variant "Standard"]
[Site "Europe Echecs"]

[Event "Championnat du monde jeunes U12F"]
[Date "2024.11.23"]
[White "Xu, Luna Yuexiu"]
[Black "Abylaykyzy, Bibisara"]
[WhiteElo "1821"]
[BlackElo "1694"]
[Round "8.15"]
[Result "1-0"]
[TimeControl "5400+30"]

1. e4 c5 2. Nf3 d6 3. d4 cxd4 4. Nxd4 Nf6 5. Nc3 a6 6. Be2 e5 7. Nb3 Be6 8. O-O Nbd7 9. Be3 Be7 10. a4 O-O 11. Qd2 Rc8 12. Rfd1 Qc7 13. a5 Rfd8 14. f4 exf4 15. Bxf4 Ne5 16. Nd4 Nc4 17. Nxe6 fxe6 18. Bxc4 Qxc4 19. Qd3 d5 20. Ra4 Bc5+ 21. Kf1 Qxd3+ 22. cxd3 Rf8 23. Ke2 d4 24. Na2 Ng4 25. Bg3 Ba7 26. Rc1 Ne3 27. Rb4 Rxc1 28. Nxc1 Rf7 29. Nb3 Rd7 30. Be5 Nxg2 31. Rc4 Kf7 32. Rc8 h6 33. Ra8 b5 34. axb6 Bxb6 35. Rxa6 Rb7 36. Nxd4 Nf4+ 37. Kd2 Ng6 38. Nc6 Nxe5 39. Nxe5+ Kf6 40. Nd7+ Rxd7 41. Rxb6 g5 42. Ke3 h5 43. d4 g4 44. d5 h4 45. Rxe6+ Kg5 46. Re5+ Kh6 47. Rf5 Rb7 48. Rf2 Kg5 49. e5 g3 50. hxg3 hxg3 51. Rg2 Kf5 52. Kd4 Rb4+ 53. Kc5 Rb3 54. e6 Kf6 55. Kc6 Ke7 56. d6+ Kxe6 57. d7 Rd3 58. Rxg3 Rxd7 59. Re3+ Kf5 60. Kxd7 1-0

[Variant "Standard"]
[Site "Europe Echecs"]

[Event "Championnat du monde jeunes U12F"]
[Date "2024.11.23"]
[White "Tu, Audrey"]
[Black "Messali Anger, Ilyana"]
[WhiteElo "1765"]
[BlackElo "1687"]
[Round "8.16"]
[Result "0-1"]
[TimeControl "5400+30"]

1. e4 e5 2. Nf3 Nc6 3. Bb5 a6 4. Ba4 Nf6 5. d3 b5 6. Bb3 Bc5 7. c3 d6 8. O-O h6 9. h3 O-O 10. Re1 Re8 11. d4 exd4 12. cxd4 Bb4 13. Bd2 Bb7 14. d5 Bxd2 15. Nbxd2 Ne7 16. Nf1 Ng6 17. Ng3 h5 18. Ng5 h4 19. Nf5 Bc8 20. Qf3 Bxf5 21. exf5 Ne5 22. Qf4 Nd3 23. Rxe8+ Qxe8 24. Qd2 Nc5 25. Re1 Qd7 26. Bc2 Re8 27. Rxe8+ Qxe8 28. Nf3
Nfe4 29. Qe3 Nf6 30. Nxh4 Qxe3 31. fxe3 Nxd5 32. e4 Ne3 33. Bb1 Nc4 34. b4 Na3 35. bxc5 dxc5 36. Bd3 c4 37. Kf2 cxd3 38. Ke3 Nc2+ 39. Kd2 c5 40. Nf3 c4 41. Ne5 Na3 42. Nc6 Nb1+ 43. Kc1 d2+ 44. Kc2 c3 45. Nb4 Na3+ 46. Kd1 Nc4 47. Nd5 Nb2+ 48. Kc2 d1=Q+ 49. Kxc3 Na4+ 50.
Kb4 Qb1+ 51. Ka5 Qe1+ 52. Nb4 Nc5 53. a4 Nd3 54. axb5 Qxb4+ 55. Kb6 Qxb5+ 56. Ka7 Nc5 57. f6 Qb7# 0-1

[Variant "Standard"]
[Site "Europe Echecs"]

[Event "Championnat du monde jeunes U12F"]
[Date "2024.11.23"]
[White "Sabou, Stefania Theodora"]
[Black "Sri Darshini T"]
[WhiteElo "1736"]
[BlackElo "1681"]
[Round "8.17"]
[Result "1/2-1/2"]
[TimeControl "5400+30"]

1. c4 e5 2. Nc3 Nc6 3. g3 g6 4. Bg2 Bg7 5. e4 d6 6. Nge2 f5 7. d3 Nf6 8. O-O O-O 9. Nd5 Be6 10. Bg5 Qd7 11. Qd2 Rf7 12. Rae1 Raf8 13. f3 Nh5 14. b4 Nd8 15. f4 fxe4 16. dxe4 exf4 17. Nexf4 Nxf4 18. Bxf4 Nc6 19. b5 Ne5 20. Bxe5 Bxe5 21. Qd3 c6 22. Ne3 Qd8 23. bxc6 bxc6 24. Rxf7 Rxf7 25. c5
Qa5 26. Rc1 Rd7 27.
cxd6 Rxd6 28. Qe2 Rd2 29. Qf3 Qb6 30. Kh1 Rd3 31. Rf1 Qc5 32. Bh3 Bc4 33. Rc1 Bc3 34. Bf1 Qxe3 35. Qxe3 Rxe3 36. Bxc4+ Kg7 37. Bb3 c5 38. Bd5 Bb4 39. Rc2 Rf3 40. Kg2 Rf8 41. e5 Rd8 42. Bc4 Rd2+ 43. Rxd2 Bxd2 44. Kf3 Kf8 45.
Ke4 Ke7 46. Kd5 Bc3 47. e6 Bb4 48. g4 h5 49. h3 hxg4 50. hxg4 g5 51. Kc6 a5 52. a4 Ba3 53. Kd5 Ke8 54. Ke4 1/2-1/2

[Variant "Standard"]
[Site "Europe Echecs"]

[Event "Championnat du monde jeunes U12F"]
[Date "2024.11.23"]
[White "Li, Peishan"]
[Black "Telyuk, Anastasiya"]
[WhiteElo "1729"]
[BlackElo "1603"]
[Round "8.18"]
[Result "1-0"]
[TimeControl "5400+30"]

1. e4 c5 2. Nf3 a6 3. d4 cxd4 4. Nxd4 Nf6 5. Nc3 e5 6. Nb3 Bb4 7. Bg5 Bxc3+ 8. bxc3 O-O 9. Qd6 Re8 10. Bxf6 Qxf6 11. Qxf6 gxf6 12. O-O-O Nc6 13. Be2 Rd8 14. Rd6 Kg7 15. Rhd1 Rg8 16. Nc5 Kh8 17. Rxf6 Rxg2 18. Rxf7 b6 19. Bc4 Rg8 20. Nxd7 Ra7 21. Nxb6 Rxf7 22. Bxf7 Rf8 23. Bd5 Ne7 24. Nxc8 Nxc8 25. Be6 Ne7 26. Rd7 Ng6 27. Bf5 Rf6 28. Kd2 Rc6 29. Bxg6 Rxg6 30. Rd5 Re6 31. c4 Kg7 32. c5 Kf7 33. Rd7+ Ke8 34. Rxh7 Rc6 35. Ra7 Kd8 36. Kd3 Rh6 37. Kc4 Rxh2 38. Rf7 Rh6 39. Kd5 Rh5 40. Rf5 Rh7 41. Rxe5 Rf7 42. Rf5 Rd7+ 43. Kc4 Kc7 44. f4 Rd1 45. Rf7+ Kd8 46. e5 Re1 47. Kd5 Rd1+ 48. Ke6 Rf1 49. f5 Rh1 50. f6 Re1 51. Rd7+ Kc8 52. f7 Rxe5+ 53. Kxe5 Kxd7 54. f8=Q Kc6 55.
c4 a5 56. Qd6+ Kb7 57. Qb6+ Kc8 58. c6 a4 59. Qb7+ Kd8 60. Qd7# 1-0

[Variant "Standard"]
[Site "Europe Echecs"]

[Event "Championnat du monde jeunes U12F"]
[Date "2024.11.23"]
[White "Chovanec, Alice"]
[Black "Xikmatkhonova, Mokhinur"]
[WhiteElo "1694"]
[BlackElo "1726"]
[Round "8.19"]
[Result "0-1"]
[TimeControl "5400+30"]

1. d4 Nf6 2. Nf3 d5 3. c4 e6 4. Bf4 c5 5. e3 Nc6 6. Nc3 Be7 7. h3 a6 8. a4 b6 9. cxd5 Nxd5 10. Bh2 Bb7 11. Be2 O-O 12. O-O cxd4 13. Nxd4 Bf6 14. Nxd5 exd5 15. Nxc6 Bxc6 16. Rc1 Qd7 17. b3 b5 18. Qc2 Bb7 19. Bg4 Qe7 20. Qc7 Bc8 21. Bf3 Be6 22. Qb6 Qa7 23. Qxa7 Rxa7 24. axb5 axb5 25. Rc5 d4 26. Rxb5 d3 27. Rd1 Rd8 28. Be4 d2 29. Kf1 Bc8 30. Kg1 Ba6 31. Ra5 Be2 32. Rxa7 Bxd1 33. Bc7 Bxb3 34. Bf3 d1=Q+ 35. Bxd1 Rxd1+ 36. Kh2 h5 37. Rb7 Be6 38. e4 Rd7 39. Rb8+ Kh7 40. e5 Rxc7 41. exf6 gxf6 42. Rb2 f5 43. Rd2 Rd7 44. Rb2 Rd8 45. Rc2 Kg6 46. Rb2 Kf6 47. Rc2 Rc8 48. Rd2 Rg8 49. Rd1 Ra8 50. Kg3 Kg5 51. Kh2 Ra2 52. Kg1 f4 53. f3 Kh4 54. Rd8 f6 55. Rd1 Kg3 56. Re1 Rxg2+ 57. Kh1 Bxh3 58. Rg1 Rxg1+ 59. Kxg1 Kxf3 60. Kh2 Ke2 61.
Kxh3 f3 62. Kg3 f2 63. Kh2 f1=Q 64. Kg3 Qf3+ 65. Kh2 Qg4 66. Kh1 Kf2 67. Kh2 Qg2# 0-1

[Variant "Standard"]
[Site "Europe Echecs"]

[Event "Championnat du monde jeunes U12F"]
[Date "2024.11.23"]
[White "Sevastsyanchuk, Anastasiya"]
[Black "Bohatyrova, Mariia"]
[WhiteElo "1595"]
[BlackElo "1722"]
[Round "8.20"]
[Result "1-0"]
[TimeControl "5400+30"]

1. e4 c5 2. Nf3 d6 3. d4 cxd4 4. Nxd4 Nf6 5. Nc3 g6 6. Be3 Nc6 7. f3 h5 8. Bc4 Nxd4 9. Bxd4 Bh6 10. Bxf6 exf6 11. Nb5 Qa5+ 12. c3 O-O 13. Qxd6 a6 14. Nc7 Ra7 15. Nd5 Qd8 16. Nxf6+ Kg7 17. Qxd8 Rxd8 18. Nd5 b5 19. Bb3 f5 20. O-O fxe4 21. fxe4 Re8 22. Rae1 Be6 23. Nf6 Ree7 24. e5 Bxb3 25. axb3 Re6 26. Nd5 Rd7 27. c4 bxc4 28. bxc4 Rb7 29. Rf6 Rxf6 30. exf6+ Kf8 31. b4 Bg5 32. c5 Rb8 33. c6 Rc8 34. Re6 h4 35. c7 h3 36. Rd6 Bxf6 37. Rxf6+ Kg7 38. Rc6 hxg2 39. Nb6 1-0

[Variant "Standard"]
[Site "Europe Echecs"]

[Event "Championnat du monde jeunes U12F"]
[Date "2024.11.23"]
[White "Chichinadze, Anastasia"]
[Black "Ahmed Mohamed, Zakaa"]
[WhiteElo "1682"]
[BlackElo "1866"]
[Round "8.21"]
[Result "1/2-1/2"]
[TimeControl "5400+30"]

1. e4 e5 2. Nf3 d6 3. d4 exd4 4. Nxd4 Nf6 5. Nc3 Be7 6. Bc4 O-O 7. O-O Nxe4 8. Nxe4 d5 9. Bd3 dxe4 10. Bxe4 Bf6 11. Nb5 a6 12. Qxd8 Bxd8 13. Nc3 Nd7 14. Bf4 Nc5 15. Bf3 Bf5 16. Be3 Ne6 17. Bxb7 Rb8 18. Bxa6 Rxb2 19. Bd3 Bxd3 20. cxd3 Be7 21. Nd5 Bd6 22. f4 c6 23. Nc3 Bb4 24. Nd1 Re2 25. a3 1/2-1/2

[Variant "Standard"]
[Site "Europe Echecs"]

[Event "Championnat du monde jeunes U12F"]
[Date "2024.11.23"]
[White "Smirnova, Viktoria A"]
[Black "Sunea, Sara Maria"]
[WhiteElo "1658"]
[BlackElo "1823"]
[Round "8.22"]
[Result "1-0"]
[TimeControl "5400+30"]

1. d4 Nf6 2. c4 c5 3. d5 e6 4. Nc3 exd5 5. cxd5 d6 6. e4 g6 7. Bd3 Bg7 8. Nge2 O-O 9. O-O Re8 10. Ng3 Ng4 11. h3 Ne5 12. Be2 a6 13. a4 b6 14. Qc2 Qc7 15. b3 h5 16. f4 Ned7 17. Bd3 Nf8 18. Bb2 Nbd7 19. Nd1 Nf6 20. Ne3 Bb7 21. Rae1 Rad8 22. f5 N8d7 23. fxg6 fxg6 24. Nc4 Ne5 25. Nxe5 dxe5 26. Bc4 Kh8 27. Rf2 Qd6 28. Qd3 Ra8 29. Ref1 Rf8 30. Qe3 Kh7 31. Bc1 Nd7 32. Rxf8 Rxf8 33. Rxf8 Qxf8 34. Qf2 Nf6 35. Qe2 Qc8 36. Bg5 a5 37. Qf3 Qf8 38. Nf1 Bc8 39. Bd3 Kg8 40. Ne3 Nd7 41. Qxf8+ Nxf8 42. Bd8 Bh6 43.
Kf2 Nd7 44. Bb5 Kf7 45. Bxd7 Bxd7 46.
Bxb6 Bf8 47. Nc4 Kf6 48. Bxa5 g5 49. Bc3 Be8 50. Nxe5 Ke7 51. Nd3 Kd7 52. Bd2 Bg6 53. Ne5+ 1-0

[Variant "Standard"]
[Site "Europe Echecs"]

[Event "Championnat du monde jeunes U12F"]
[Date "2024.11.23"]
[White "Anu, Bayart-Uchral"]
[Black "Rzadkowska, Kaja"]
[WhiteElo "1624"]
[BlackElo "1798"]
[Round "8.23"]
[Result "0-1"]
[TimeControl "5400+30"]

1. Nf3 Nf6 2. g3 c5 3. Bg2 d5 4. d3 g6 5. O-O Bg7 6. Nbd2 O-O 7. e4 Nc6 8. Re1 e5 9. c3 h6 10. Qc2 Re8 11. Nf1 Be6 12. Bd2 Qd7 13. h4 Rad8 14. Rad1 Qc8 15. N3h2 Rd7 16. Ne3 Red8 17. Bc1 b6 18. Bf3 Rc7 19. exd5 Nxd5 20. Nxd5 Bxd5 21. Bxd5 Rxd5 22. Be3 Qf5 23. Rd2 Rcd7 24. Red1 Qe6 25. a3 a5 26. Nf3 f5 27. Ne1 Qf6 28. Ng2 g5 29. hxg5 hxg5 30. f4 exf4 31. gxf4 g4 32. Kf2 Qd6 33. Ne1 Re7 34. Ng2 Bh6 35. c4 Rd4 36. Bxd4 Nxd4 37. Qa4 Bxf4 38. b4 Bxd2 39. Rxd2 Nf3 40. Re2 Qd4+ 41. Ne3 f4 42. Qc6 Rxe3 43. Qg6+ Qg7 44. Qc6 Rxe2+ 45. Kxe2 Nd4+ 0-1

[Variant "Standard"]
[Site "Europe Echecs"]

[Event "Championnat du monde jeunes U12F"]
[Date "2024.11.23"]
[White "Alcantara, Levanah"]
[Black "Potikha, Shelley"]
[WhiteElo "1753"]
[BlackElo "1561"]
[Round "8.24"]
[Result "1-0"]
[TimeControl "5400+30"]

1. d4 e6 2. Bf4 Nf6 3. e3 c5 4. c3 Nc6 5. Nd2 Be7 6. Bd3 O-O 7. Ngf3 Nh5 8. Bg3 cxd4 9. exd4 f5 10. Ne5 g6 11. f4 d6 12. Nef3 Bd7 13. Qe2 Qc7 14. O-O Nxg3 15. hxg3 a6 16. Bc4 Rf6 17. Rae1 b5 18. Bb3 Na5 19. Ng5 Nxb3 20. Nxb3 Re8 21. Kf2 h6 22. Nf3 b4 23. c4 d5 24. Nbd2 dxc4 25. Nxc4 Bb5 26. b3 Rc8 27. Rc1 Qa7 28. Qe5 Qb8 29. Rh1 Kg7 30. Rhd1 Bxc4 31. Qxb8 Rxb8 32. Rxc4 Rff8 33. Rc6 Kf7 34. Ne5+ Kg7 35. Rxe6 Bf6 36. Nd7 Rbe8 37. Nxf8 Rxf8 38. Rxa6 Rd8 39. d5 Bc3 40. d6 g5 41. d7 gxf4 42. gxf4 Bf6 43. Rc6 Kf7 44. Rc8 Ke7 45. Rxd8 Kxd8 46. Ke3 Bc3 47. Rd5 Bg7 48. Rxf5 Bc3 49. Rd5 Bg7 50. g4 Bc3 51. Ke4 Bg7 52. Rd6 Bf8 53. Ke5 h5 54. g5 Bxd6+ 55. Kxd6 h4 56. g6 h3 57. g7 1-0

[Variant "Standard"]
[Site "Europe Echecs"]

[Event "Championnat du monde jeunes U12F"]
[Date "2024.11.23"]
[White "Bogomolnikova, Zlata"]
[Black "Lukin, Yesenia"]
[WhiteElo "1628"]
[BlackElo "1732"]
[Round "8.25"]
[Result "1-0"]
[TimeControl "5400+30"]

1. d4 Nf6 2. c4 e6 3. Nc3 d5 4. cxd5 exd5 5. Bg5 Be7 6. Qc2 h6 7. Bh4 c6 8. e3 O-O 9. Bd3 Be6 10. Nge2 Nbd7 11. O-O Nh5 12. Bxe7 Qxe7 13. Ng3 Nxg3 14. hxg3 Qg5 15. Ne2 Rfe8 16. Nf4 Nf6 17. b4 Nh5 18. Nxh5 Qxh5 19. a4 Rec8 20. Qd2 Bd7 21. Rfc1 Rc7 22. Rc5 b6 23. Rc3 a5 24. b5 Rac8 25. Rac1 Qg5 26. R1c2 Qe7 27. Qc1 c5 28. dxc5 Rxc5 29. Qb2 Rxc3 30. Rxc3 Qf6 31. Rxc8+ Bxc8 32. Qc2 Qd8 33. Qc6 Be6 34. Kh2 g6 35. Bxg6 fxg6 36. Qc5
1-0

[Variant "Standard"]
[Site "Europe Echecs"]

[Event "Championnat du monde jeunes U12F"]
[Date "2024.11.23"]
[White "Chen, Pin-I"]
[Black "Ribreau, Anna"]
[WhiteElo "1601"]
[BlackElo "1726"]
[Round "8.26"]
[Result "0-1"]
[TimeControl "5400+30"]

1. d4 d6 2. c4 e5 3. dxe5 dxe5 4. Qxd8+ Kxd8 5. Nc3 Be6 6. b3 c6 7. Nf3 f6 8. g3 Nd7 9. Bd2 Kc7 10. Bg2 Bc5 11. O-O-O Bf5 12. Kb2 Nh6 13. h3 Nb6 14. e3 a5 15. a4 Bb4 16. Na2 Bxd2 17. Nxd2 Nd7 18. Nc3 Nc5 19. Nde4 Nxe4 20. Nxe4 Rhd8 21. g4 Bxe4 22. Bxe4 g6 23. Kc2 Nf7 24. Rxd8 Rxd8 25. Rd1 Rxd1 26. Kxd1 Kd6 27. Kd2 Kc5 28. Kc3 Nd6 29. Bg2 b5 30. cxb5 cxb5 31. f3 bxa4 32. bxa4 Nc4 33. e4 Nb6 34. Bf1 Nxa4+ 35. Kb3 Nb6 36. Kc3 Nc8 37. Bc4 Nd6 38. Ba2 Nb5+ 39. Kd3 Nd4 40. Ke3 Nc2+ 41. Kd2 Nd4 42. Ke3 Nc2+ 43. Kd2 Nb4 44. Bb3 Kd4 45. h4 h6 46. h5 gxh5 47. gxh5 Nd3 48. Ba2 Nf4 49. Bf7 Nh3 50. Ke2 Kc3 51. Be8 Kb3 52. Kf1 a4 53. Kg2 Ng5 54. Bc6 a3 55. Bd5+ Kb2 56. Kg3 a2 57. Bxa2 Kxa2 58. Kg4 Kb3 59. f4 Nxe4 60. fxe5 fxe5 61. Kf5 Ng3+ 62. Kxe5 Nxh5 63. Kf5 Ng7+ 64. Kg6 h5 65. Kg5 Kc4 66. Kf4 Kd4 67. Kg3 Ke4 68. Kh3 Kf4 69. Kh4 Kf3 70. Kh3 Nf5 71. Kh2 Kg4 72. Kg2 Ne3+ 73. Kh2 Kh4 74. Kg1 Kg3 75. Kh1 Ng4 76. Kg1 Nf2 77. Kf1 h4 78. Kg1 h3 79. Kf1 h2 80. Ke2 h1=Q 0-1

[Variant "Standard"]
[Site "Europe Echecs"]

[Event "Championnat du monde jeunes U12F"]
[Date "2024.11.23"]
[White "Zavivaeva, Angelina"]
[Black "Oksanen, Maria"]
[WhiteElo "1499"]
[BlackElo "1725"]
[Round "8.27"]
[Result "1/2-1/2"]
[TimeControl "5400+30"]

1. e4 c5 2. Nf3 d6 3. d4 cxd4 4. Nxd4 Nf6 5. Nc3 g6 6. Be3 Bg7 7. f3 Nc6 8. Qd2 O-O 9. g4 Nxd4 10. Bxd4 Be6 11. O-O-O Qc7 12. Kb1 Rfc8 13. h4 h5 14. gxh5 Nxh5 15. Bh3 Bxh3 16. Rxh3 Qd7 17. Rh2 Rc4 18. Bxg7 Kxg7 19. Rg1 Rac8 20. Nd5 e6 21. Ne3 R4c5 22. Ng4 Kf8 23. e5 Rd5 24. Qh6+ Ke7 25. Qg5+ Ke8 26. Rd2 Rxd2 27. Qxd2 dxe5 28. Qxd7+ Kxd7 29. Nxe5+ Ke7 30. Rd1 Rc7 31. c3 Kf6 32. Nd3 Kf5 33. Kc2 Nf4 34. Nf2 Ng2 35. Rd4 Ne1+ 36. Kb3 Nxf3 37. Rb4 a6 38. Nd3 e5 39. Nf2 b5 40. a4 Rb7 41. Ka2 Nd2 42. Nd3 e4 43. Nc1 Rd7 44. axb5 Rd5 45. c4 Rc5 46. b3 axb5 47. Rxb5 Rxb5 48. cxb5 Ke5 49.
Ka3 Kd6 50. Ka4 Kc7 51. Ka5 Kb7 52. b6 e3 53. Kb5 f5 54. b4 f4 55. Nd3 e2 56. Nc5+ Kc8 57. Kc6 e1=Q 58. b7+ Kd8 59. b8=Q+ Ke7 60. Qd6+ Kf7 61. Qxf4+ Kg7 62. Qd4+ Kh7 63. Qd7+ Kh6 64. b5 Nc4 65. Qd4 Qe8+ 66. Kb7 Qxb5+ 67. Kc7 Qb6+ 68. Kd7 1/2-1/2

[Variant "Standard"]
[Site "Europe Echecs"]

[Event "Championnat du monde jeunes U12F"]
[Date "2024.11.23"]
[White "Kovalskyy, Alicia"]
[Black "Saharkar, Sharvari"]
[WhiteElo "1871"]
[BlackElo "1581"]
[Round "8.28"]
[Result "1-0"]
[TimeControl "5400+30"]

1. e4 e5 2. Nf3 Nc6 3. Bc4 Bc5 4. c3 Nf6 5. d3 d6 6. O-O a6 7. Bb3 Ba7 8. Nbd2 O-O 9. h3 Be6 10. Bc2 Ne7 11. Ng5 Bd7 12. Nc4 h6 13. Nf3 Ng6 14. Re1 b5 15. Ne3 Nf4 16. Nf5 N6h5 17. d4 Re8 18. g3 Nxh3+ 19. Kg2 Nf6 20. Kxh3 g6 21. Bxh6 gxf5 22. exf5 e4 23. Nh4 d5 24. Rh1 c5 25. dxc5 Bxc5 26. Qd2 Kh7 27. Bg5 Bc6 28. Kg2 Kg7 29. Bh6+ Kh7 30. Qg5 Rg8 31. Bg7 Nh5 32. Qh6# 1-0

[Variant "Standard"]
[Site "Europe Echecs"]